 Dungeon Crawl Stone Soup version 0.20.0-8-g6b59dc7 (webtiles) character file.

137157 Hanibal the Warrior (level 16, -5/157 HPs)
             Began as a Minotaur Fighter on May 31, 2017.
             Was the Champion of the Shining One.
             Slain by a merfolk impaler
             ... wielding a +2 trident of flaming
              (21 damage)
             ... on level 3 of the Shoals.
             The game lasted 01:07:38 (32338 turns).

Hanibal the Warrior (Minotaur Fighter)             Turns: 32338, Time: 01:07:41

Health: -5/157     AC: 26    Str: 22    XL:     16   Next: 68%
Magic:  15/15      EV:  7    Int:  8    God:    the Shining One [******]
Gold:   2449       SH:  0    Dex: 18    Spells: 15/15 levels left

rFire    . . .     SeeInvis +   t - +1 double sword (elec)
rCold    . . .     Gourm    .   c - +0 shield
rNeg     + + +     Faith    .   B - +0 plate armour
rPois    +         Spirit   .   m - +2 hat {Int+3}
rElec    .         Reflect  +   P - +0 cloak
rCorr    .         Harm     .   C - +1 pair of gloves
MR       ++...                  y - +1 pair of boots
Stlth    ..........             g - amulet "Rameosha" {Reflect Str+2 SH+4 SInv}
Regen    0.4/turn               I - ring "Ataanle" {rN+ MR+ SInv}
MPRegen  0.2/turn               s - ring of poison resistance

@: held, glowing, very slow
A: retaliatory headbutt, horns 2
a: Divine Shield, Cleansing Flame, Summon Divine Warrior, Brand Weapon With Holy
Wrath, Renounce Religion


You were on level 3 of the Shoals.
You worshipped the Shining One.
The Shining One was exalted by your worship.
You were not hungry.

You visited 5 branches of the dungeon, and saw 27 of its levels.

You collected 2938 gold pieces.
You spent 489 gold pieces at shops.

Inventory:

Hand Weapons
 t - a +1 double sword of electrocution (weapon)
Armour
 c - a +0 shield (worn)
 m - a +2 hat of intelligence (worn)
 y - a +1 pair of boots (worn)
 A - a +0 large shield of poison resistance
 B - a +0 plate armour (worn)
 C - a +1 pair of gloves (worn)
 P - a +0 cloak (worn)
Jewellery
 e - an uncursed amulet of rage
 g - the amulet "Rameosha" (around neck) {Reflect Str+2 SH+4 SInv}
   (You found it on level 5 of the Lair of Beasts)

   [amulet of reflection]

   It shields you and reflects attacks.
   It affects your strength (+2).
   It lets you see invisible.
   It affects your SH (+4).
 k - an uncursed ring of protection from fire
 s - a ring of poison resistance (right hand)
 I - the ring "Ataanle" (left hand) {rN+ MR+ SInv}
   (You found it on level 7 of the Dungeon)

   [ring of protection from magic]

   It protects you from negative energy.
   It affects your resistance to hostile enchantments.
   It lets you see invisible.
 K - an uncursed ring of flight
 N - a +5 ring of strength
 O - an uncursed ring of ice
Wands
 E - a wand of acid (7/15)
 F - a wand of iceblast (8/15)
 H - a wand of disintegration (17/24)
 U - a wand of lightning (5/15)
Scrolls
 a - a scroll of noise {unknown}
 b - a scroll of brand weapon {unknown}
 j - 7 scrolls of magic mapping
 l - 14 scrolls of remove curse
 n - 3 scrolls of teleportation
 p - a scroll of holy word
 u - 6 scrolls of blinking
 v - 2 scrolls of fear {unknown}
 x - 5 scrolls of identify
 z - a scroll of silence
 D - 5 scrolls of fog
 G - 6 scrolls of recharging
 J - 3 scrolls of enchant armour
Potions
 h - 2 potions of heal wounds
 i - 8 potions of curing
 o - a potion of cancellation {unknown}
 L - 3 potions of flight
 Q - a potion of might
 R - a potion of agility
Comestibles
 d - 5 chunks of flesh
 f - 18 bread rations
 q - 12 meat rations
 r - 3 royal jellies
 M - 13 fruits


   Skills:
 + Level 17.7 Fighting
 + Level 17.5 Long Blades
 + Level 15.8 Armour
 - Level 11.5 Dodging
 + Level 15.7 Shields


You had 15 spell levels left.
You didn't know any spells.

Dungeon Overview and Level Annotations

Branches:
Dungeon (15/15)            Temple (1/1) D:4            Lair (6/6) D:10
 Shoals (3/4) Lair:3       Spider (0/4) Lair:3        Slime (0/5) Lair:6
    Orc (2/2) D:11            Elf (0/3) Orc:2        Vaults (0/5) D:13
 Depths (0/5) D:15

Altars:
Ashenzari
Cheibriados
Fedhas
Gozag
Hepliaklqana
Kikubaaqudgha
Nemelex Xobeh
Okawaru
Qazlal
Ru
Sif Muna
Trog
Vehumet
Xom
The Shining One
Beogh

Shops:
D:5 [   Orc:1 %   Orc:2 [(*}   Shoals:3 %


Innate Abilities, Weirdness & Mutations

You reflexively headbutt those who attack you in melee.
You have a pair of horns on your head.


Message History

The merfolk impaler burns you.
You struggle against the net.
The merfolk impaler hits you with a trident of flaming!!
The merfolk impaler burns you!
* * * LOW HITPOINT WARNING * * *
The merfolk hits you from afar with a halberd.
* * * LOW HITPOINT WARNING * * *
The merfolk impaler hits you with a trident of flaming.
* * * LOW HITPOINT WARNING * * *
The merfolk impaler burns you.
* * * LOW HITPOINT WARNING * * *
The merfolk hits you from afar with a trident of protection.
* * * LOW HITPOINT WARNING * * *
You feel much better.
The merfolk impaler hits you with a trident of flaming!!
* * * LOW HITPOINT WARNING * * *
The merfolk impaler burns you.
* * * LOW HITPOINT WARNING * * *
The merfolk impaler hits you with a trident of flaming!!
You die...

≈≈≈≈≈≈≈≈≈≈≈≈≈≈≈≈≈≈≈≈≈≈≈≈
≈≈≈≈≈≈≈≈≈≈≈≈≈≈≈≈≈≈≈≈≈≈≈≈
≈≈≈≈≈≈≈≈≈≈≈≈≈≈≈≈≈≈≈≈≈≈≈≈
≈≈≈≈≈≈≈≈≈≈≈≈≈≈≈≈≈≈≈≈≈≈≈≈
≈≈≈≈≈≈≈≈≈≈≈≈≈≈≈≈≈≈≈≈≈≈≈≈
≈≈≈≈≈mm≈≈≈≈≈≈≈≈≈≈≈≈≈≈≈≈≈
≈≈≈≈≈≈≈≈≈≈...≈≈≈≈≈≈≈≈≈≈≈
≈≈≈≈≈≈m@..)...≈≈≈≈≈≈≈≈≈≈
≈≈≈≈≈≈≈≈..###..≈≈≈≈≈≈≈≈≈
≈≈≈≈≈≈≈≈.## #.≈≈≈≈≈≈≈≈≈.
≈≈≈≈≈≈≈≈..###.≈≈≈≈≈≈≈≈≈.
≈≈≈≈≈≈≈≈......≈≈≈≈≈≈≈≈≈≈
≈≈≈≈≈≈≈≈.[...≈≈≈≈≈≈≈≈≈≈≈
.≈≈≈≈≈≈..###.≈≈≈≈≈≈≈≈≈≈≈
.≈≈.≈≈≈..# #).≈≈≈≈≈≈≈≈≈≈
≈....≈≈.# ##...≈≈≈≈≈≈≈≈


You could see a merfolk impaler (berserk) and 2 merfolk.

Vanquished Creatures
  Gastronok (Lair:2)
  Donald (Shoals:3)
  Roxanne (Shoals:2)
  An orc warlord (Orc:2)
  A stone giant (Orc:2)
  Nessos (D:14)
  2 crystal guardians (D:15)
  A merfolk javelineer (Shoals:3)
  3 merfolk impalers
  4 hydras
  2 merfolk avatars (Shoals:2)
  2 two-headed ogres
  4 catoblepae
  A centaur warrior (D:15)
  2 dancing weapons (D:13)
  2 ice dragons (D:15)
  28 death yaks
  An alligator snapping turtle (Shoals:3)
  A tengu warrior (D:14)
  An orc high priest (Orc:2)
  Nergalle (Lair:3)
  4 sea snakes
  9 skeletal warriors
  4 unseen horrors
  An orange crystal statue (D:15)
  20 harpies
  A deep elf mage (D:13)
  5 orc knights
  A wizard (D:15)
  3 orc sorcerers
  5 fauns
  6 manticores
  5 cyclopes
  7 ugly things
  3 merfolk sirens
  11 black mambas
  2 water nymphs (Shoals:1)
  Psyche (D:9)
  2 gargoyles
  5 elephants (Lair:3)
  13 spiny frogs
  2 rime drakes
  A kobold demonologist (D:13)
  14 komodo dragons
  A redback zombie (D:13)
  6 trolls
  A tengu conjurer (D:14)
  16 merfolk
  A polar bear (Lair:4)
  5 wind drakes
  Grinder (D:3)
  A wolf spider simulacrum (D:15)
  35 blink frogs
  A meliai zombie (D:15)
  14 dream sheep
  13 hippogriffs
  5 snapping turtles
  7 water elementals
  A shadow (D:7)
  5 wyverns
  A yak (shapeshifter) (D:15)
  48 yaks
  4 basilisks
  2 hungry ghosts
  2 vampire mosquitoes (D:13)
  2 wargs
  An acid dragon (D:15)
  12 water moccasins
  6 porcupines
  6 ice beasts
  3 sky beasts
  A black bear (Lair:1)
  A meliai simulacrum (D:15)
  29 orc warriors
  A hornet zombie (D:10)
  5 necrophages
  The ghost of Peloso the Covered, an amateur MiFi of Okawaru (D:3)
  2 eyes of draining
  7 crocodiles
  11 ogres
  27 wolves
  16 centaurs
  19 bullfrogs
  2 wyvern skeletons
  2 scorpions (D:8)
  4 killer bees (D:11)
  6 wights
  4 howler monkeys
  2 electric eels (Lair:4)
  A bullfrog zombie (D:5)
  2 centaur zombies (D:7)
  3 crimson imps
  11 hounds
  2 jellies (D:15)
  4 bullfrog skeletons
  3 centaur skeletons
  21 orc priests
  25 orc wizards
  9 iguanas
  16 worker ants
  A killer bee zombie (D:8)
  A hound zombie (D:7)
  2 howler monkey zombies (D:6)
  2 worker ant zombies
  Robin (D:3)
  7 adders
  A howler monkey skeleton (D:4)
  3 shadow imps
  An ooze (D:4)
  3 adder skeletons
  An adder zombie (D:5)
  A worm (D:3)
  2 dart slugs
  4 leopard geckos
  98 orcs
  A ball python (D:4)
  10 bats
  2 giant cockroaches
  16 goblins
  11 hobgoblins
  4 jackals
  5 kobolds
  3 quokkas (D:5)
  2 frilled lizards
  A jackal skeleton (D:5)
  A leopard gecko skeleton (D:5)
  A leopard gecko zombie (D:6)
  A quokka zombie (D:6)
  10 rats
819 creatures vanquished.

Vanquished Creatures (others)
  A merfolk javelineer (Shoals:2)
  A satyr (Shoals:2)
  A cyclops (Shoals:3)
  A yaktaur (D:15)
  A howler monkey (D:8)
  An orc (D:15)
  3 bushes
  12 fungi
  27 plants
48 creatures vanquished.

Grand Total: 867 creatures vanquished

Notes
Turn   | Place    | Note
-------+----------+-------------------------------------------
     0 | D:1      | Hanibal the Minotaur Fighter began the quest for the Orb.
     0 | D:1      | Reached XP level 1. HP: 19/19 MP: 0/0
   138 | D:1      | Reached XP level 2. HP: 24/27 MP: 1/1
   511 | D:1      | Found a shimmering altar of Xom.
   528 | D:1      | Reached XP level 3. HP: 32/33 MP: 2/2
   674 | D:2      | Found a sacrificial altar of Ru.
   675 | D:2      | Noticed a bullfrog
  1008 | D:2      | Found a deep blue altar of Sif Muna.
  1137 | D:2      | Found a transporter.
  1143 | D:2      | Found a transporter.
  1171 | D:2      | Killed a bullfrog
  1171 | D:2      | Reached XP level 4. HP: 35/41 MP: 3/3
  1243 | D:3      | Noticed Grinder
  1245 | D:3      | Paralysed by Grinder for 3 turns
  1254 | D:3      | Killed Grinder
  1254 | D:3      | Reached skill level 5 in Fighting
  1254 | D:3      | Reached skill level 5 in Armour
  1254 | D:3      | Reached skill level 5 in Shields
  1254 | D:3      | Reached XP level 5. HP: 20/48 MP: 4/4
  1254 | D:3      | Reached XP level 6. HP: 23/56 MP: 5/5
  1621 | D:3      | Noticed Robin
  1653 | D:3      | Killed Robin
  2020 | D:3      | Noticed Peloso's ghost (amateur MiFi)
  2034 | D:3      | Killed Peloso's ghost
  2527 | D:4      | Reached XP level 7. HP: 62/62 MP: 6/6
  2613 | D:4      | Reached skill level 5 in Long Blades
  2887 | D:4      | Found a staircase to the Ecumenical Temple.
  2902 | Temple   | Entered the Ecumenical Temple
  2932 | Temple   | Became a worshipper of the Shining One
  3263 | D:5      | Entered Level 5 of the Dungeon
  3350 | D:5      | You fall through a shaft for 2 floors!
  3550 | D:7      | Found a sparkling altar of Nemelex Xobeh.
  3682 | D:7      | Noticed a hippogriff
  3682 | D:7      | Found a transporter.
  3692 | D:7      | Killed a hippogriff
  3692 | D:7      | Reached XP level 8. HP: 44/71 MP: 7/7
  3923 | D:7      | Noticed a hippogriff
  3930 | D:7      | Killed a hippogriff
  4338 | D:7      | Got a pair of faintly humming boots
  4349 | D:7      | Identified the +0 pair of boots "Okkid" {*Corrode rElec Int+8 Dex-4} (You found it on level 7 of the Dungeon)
  4379 | D:7      | Reached * piety under the Shining One
  4383 | D:7      | Noticed a cyan ugly thing
  4389 | D:7      | Killed a cyan ugly thing
  4389 | D:7      | Reached XP level 9. HP: 72/81 MP: 8/8
  4603 | D:7      | Found a transporter.
  4623 | D:7      | Got a bound turquoise ring
  4661 | D:7      | Identified the ring "Ataanle" {rN+ MR+ SInv} (You found it on level 7 of the Dungeon)
  5573 | D:6      | Found a stormy altar of Qazlal.
  5743 | D:6      | Found a blossoming altar of Fedhas.
  6815 | D:5      | Reached XP level 10. HP: 91/91 MP: 9/9
  6906 | D:5      | Reached ** piety under the Shining One
  6926 | D:5      | Found Quoz's Antique Armour Emporium.
  6939 | D:5      | Bought a pair of glowing gloves for 210 gold pieces
  7498 | D:8      | Found an iron altar of Okawaru.
  7550 | D:8      | Found a hazy altar of Hepliaklqana.
  7697 | D:8      | Found an ancient bone altar of Kikubaaqudgha.
  7731 | D:8      | Found a shattered altar of Ashenzari.
  8184 | D:9      | Noticed Psyche
  8313 | D:9      | Killed Psyche
  8313 | D:9      | Reached skill level 10 in Armour
  8339 | D:9      | Reached skill level 10 in Fighting
  8656 | D:9      | Reached skill level 10 in Shields
  8966 | D:10     | Entered Level 10 of the Dungeon
  9346 | D:10     | Reached skill level 10 in Long Blades
  9450 | D:10     | Reached *** piety under the Shining One
  9497 | D:10     | Found a staircase to the Lair.
  9545 | Lair:1   | Entered Level 1 of the Lair of Beasts
  9703 | D:5      | Got an ichor-stained dagger
  9704 | D:5      | Identified the +6 dagger of the Bear {protect, Str+3} (You found it on level 5 of the Dungeon)
  9865 | Lair:1   | Noticed a black mamba
  9881 | Lair:1   | Killed a black mamba
  9929 | Lair:1   | Noticed a black mamba
  9946 | Lair:1   | Killed a black mamba
 10548 | Lair:1   | Reached XP level 11. HP: 98/101 MP: 10/10
 11955 | Lair:2   | Noticed Gastronok
 11984 | Lair:2   | Killed Gastronok
 13310 | Lair:2   | Reached XP level 12. HP: 112/112 MP: 11/11
 14175 | Lair:3   | Found a hole to the Spider Nest.
 14673 | Lair:3   | Noticed a catoblepas
 14694 | Lair:3   | Reached **** piety under the Shining One
 14698 | Lair:3   | Killed a catoblepas
 14865 | Lair:3   | Noticed Nergalle
 14883 | Lair:3   | Killed Nergalle
 15159 | Lair:3   | Found a staircase to the Shoals.
 15539 | Lair:3   | Reached skill level 1 in Dodging
 15823 | Lair:4   | Noticed a death yak
 15823 | Lair:4   | Noticed a death yak
 15826 | Lair:4   | Noticed a death yak
 15863 | Lair:4   | Killed a death yak
 15879 | Lair:4   | Killed a death yak
 15879 | Lair:4   | Reached XP level 13. HP: 47/122 MP: 7/12
 17248 | Lair:5   | Got a flickering zirconium amulet
 17250 | Lair:5   | Identified the amulet "Rameosha" {Reflect Str+2 SH+4 SInv} (You found it on level 5 of the Lair of Beasts)
 17359 | Lair:5   | Reached skill level 5 in Dodging
 18064 | Lair:6   | Entered Level 6 of the Lair of Beasts
 18297 | Lair:6   | Reached ***** piety under the Shining One
 18890 | Lair:6   | Reached XP level 14. HP: 94/133 MP: 13/13
 19091 | Lair:6   | Reached skill level 15 in Shields
 19342 | Lair:6   | Found a staircase to the Slime Pits.
 19727 | Lair:6   | Reached skill level 15 in Fighting
 20279 | Lair:6   | Reached skill level 15 in Long Blades
 21880 | D:11     | Found a staircase to the Orcish Mines.
 22795 | D:13     | Reached XP level 15. HP: 143/143 MP: 14/14
 23098 | D:13     | Found a gate to the Vaults.
 23141 | D:13     | Reached ****** piety under the Shining One
 23690 | D:14     | Noticed Nessos
 23699 | D:14     | Killed Nessos
 24421 | D:14     | You fall through a shaft!
 24421 | D:15     | Entered Level 15 of the Dungeon
 24562 | D:15     | Reached skill level 10 in Dodging
 24804 | Orc:1    | Entered Level 1 of the Orcish Mines
 25028 | Orc:1    | Found a bloodstained altar of Trog.
 25034 | Orc:1    | Found Worouw's Food Shop.
 25413 | Orc:2    | Entered Level 2 of the Orcish Mines
 25425 | Orc:2    | Found a staircase to the Elven Halls.
 25556 | Orc:2    | Found a roughly hewn altar of Beogh.
 25573 | Orc:2    | Found Luzxaor's Gadget Shoppe.
 25739 | Orc:2    | Found a roughly hewn altar of Beogh.
 25832 | Orc:2    | Noticed an orc warlord
 25854 | Orc:2    | Killed an orc warlord
 26063 | Orc:2    | Found Ekaur's Antique Weapon Shop.
 26064 | Orc:2    | Found a roughly hewn altar of Beogh.
 26065 | Orc:2    | Found Seibos's Antique Armour Boutique.
 26078 | Orc:2    | Bought a glowing large shield for 225 gold pieces
 26190 | Orc:2    | Found a roughly hewn altar of Beogh.
 26191 | Orc:2    | Found Udyat's General Store.
 26219 | Orc:2    | Bought a potion of curing for 54 gold pieces
 26307 | Orc:2    | Found a roughly hewn altar of Beogh.
 26356 | Orc:2    | Found a roughly hewn altar of Beogh.
 26770 | D:15     | Found a runed door.
 28244 | D:15     | Found a staircase to the Depths.
 28379 | D:15     | Got a brightly glowing long sword
 28383 | D:15     | Identified the cursed +3 long sword of Ipexzin {flame, rPois} (You found it on level 15 of the Dungeon)
 28872 | Shoals:1 | Entered Level 1 of the Shoals
 29309 | Shoals:1 | Reached skill level 15 in Armour
 29339 | Shoals:1 | Reached XP level 16. HP: 134/154 MP: 15/15
 30479 | Shoals:2 | Noticed Roxanne
 30507 | Shoals:2 | Killed Roxanne
 30508 | Shoals:2 | Identified Roxanne's Reference Book on the Rocks (You took it off Roxanne on level 2 of the Shoals)
 32116 | Shoals:3 | Found Esackidu's Food Shop.
 32258 | Shoals:3 | Noticed Donald
 32274 | Shoals:3 | Killed Donald
 32338 | Shoals:3 | Slain by a merfolk impaler

Skill      XL: |  1  2  3  4  5  6  7  8  9 10 11 12 13 14 15 16 |
---------------+-------------------------------------------------+-----
Fighting       | 4 5 6 8 9 10 12 13 14 15 16 17 | 17.7
Long Blades    | 3 4 6 7 8 10 11 13 14 15 16 17 | 17.5
Shields        | 4 5 6 7 9 10 12 13 14 15 | 15.7
Armour         | 4 5 6 8 9 10 12 13 15 | 15.8
Dodging        | 2 6 9 11 | 11.5

Action                   |  1- 3 |  4- 6 |  7- 9 | 10-12 | 13-15 | 16-18 || total
-------------------------+-------+-------+-------+-------+-------+-------++-------
Melee: Long sword        |    74 |    83 |   222 |   829 |   875 |       ||  2083
       Headbutt          |     8 |    23 |    67 |   263 |   523 |    85 ||   969
       Dagger            |       |       |       |    43 |    51 |       ||    94
       Double sword      |       |       |       |       |   720 |   318 ||  1038
  Use: Potion            |       |     2 |     2 |     8 |     6 |     4 ||    22
       Scroll            |       |       |    11 |    11 |    13 |       ||    35
  Eat: Chunk             |     1 |     4 |    12 |    18 |    30 |    10 ||    75
       Bread ration      |       |       |     1 |       |       |       ||     1
       Fruit             |       |       |       |    12 |     8 |       ||    20
       Royal jelly       |       |       |       |     1 |     4 |       ||     5
Armor: Scale mail        |    41 |    41 |   128 |    16 |       |       ||   226
       Plate armour      |       |       |       |   563 |   457 |   105 ||  1125
Dodge: Dodged            |    54 |    41 |   129 |   227 |   373 |   113 ||   937
Block: Shield            |     2 |       |       |   221 |  1146 |   277 ||  1646
       Other             |       |       |     8 |     2 |       |       ||    10
       Reflection        |       |       |       |       |    24 |    34 ||    58
       Rpst.: Long sword |    16 |    10 |    38 |    57 |    50 |       ||   171
       Double sword      |       |       |       |       |    36 |    17 ||    53
